 Dungeon Crawl Stone Soup version 0.27.0-1-g7a089689b8 (webtiles) character file.

Game seed: 1371664587956807501

561 dtburroughs the Skirmisher (level 7, -5/44 HPs)
             Began as a Gargoyle Berserker on July 31, 2021.
             Was a Priest of Trog.
             Killed by divine providence
             ... invoked by an orc priest
              (12 damage)
             ... on level 5 of the Dungeon on Aug 1, 2021.
             The game lasted 00:09:20 (6113 turns).

dtburroughs the Skirmisher (Gargoyle Berserker)     Turns: 6113, Time: 00:09:20

Health: -5/44      AC: 15    Str: 21    XL:     7   Next: 31%
Magic:  7/7        EV:  4    Int:  8    God:    Trog [***...]
Gold:   210        SH: 12    Dex: 10    Spells: 6/6 levels left

rFire    . . .     SeeInvis .   g - +0 flail
rCold    . . .     Faith    +   r - +0 tower shield
rNeg     + . .     Spirit   .   j - +0 chain mail
rPois    ∞         Reflect  .   (no helmet)
rElec    +         Harm     .   (no cloak)
rCorr    .         Rampage  .   (no gloves)
Will     ++...                  m - +0 pair of boots
Stlth    ..........             d - amulet of faith
HPRegen  1.14/turn              (no ring)
MPRegen  0.10/turn              (no ring)

@: strong-willed (expiring), regenerating (expiring)
A: sickness immunity, AC +4, negative energy resistance 1, electricity
resistance, torment resistance 1, petrification resistance
a: Renounce Religion, Berserk, Trog's Hand


You were on level 5 of the Dungeon.
You worshipped Trog.
Trog was most pleased with you.
You visited 1 branch of the dungeon, and saw 5 of its levels.

You collected 210 gold pieces.

Inventory:

Hand Weapons
 a - a +0 mace
 g - a +0 flail (weapon)
 p - a +0 war axe of venom
Armour
 j - a +0 chain mail (worn)
 m - a +0 pair of boots (worn)
 r - a +0 tower shield (worn)
Jewellery
 d - an amulet of faith (around neck)
 u - a ring of magical power
Wands
 n - a wand of digging (7)
 o - a wand of flame (20)
Scrolls
 b - 3 scrolls of teleportation {unknown}
 c - a scroll of noise {unknown}
 e - a scroll of magic mapping {unknown}
 h - 2 scrolls of fog {unknown}
 i - 2 scrolls of blinking {unknown}
 k - a scroll of immolation {unknown}
 l - 2 scrolls of enchant weapon {unknown}
 q - a scroll of holy word {unknown}
 t - a scroll of torment {unknown}
Potions
 f - a potion of curing {unknown}
 s - a potion of flight {unknown}
 v - a potion of attraction {unknown}


   Skills:
 * Level 5.1 Fighting
 + Level 1.4(3.1) Axes
 * Level 4.7(4.9) Maces & Flails
 + Level 3.8 Armour
 * Level 3.4 Dodging
 + Level 1.5 Shields
 + Level 0.0 Evocations


You had 6 spell levels left.
You didn't know any spells.
Your spell library was empty.

Dungeon Overview and Level Annotations

Branches:
Dungeon (5/15)
 Temple: D:4-7

Altars:
Qazlal
Trog
Xom


Innate Abilities, Weirdness & Mutations

You are immune to sickness and miasma.
Your stone body is resilient. (AC +4)
You are immune to poison.
You resist negative energy. (rN+)
You are resistant to electric shocks. (rElec)
You are resistant to unholy torment.
You are immune to petrification.


Message History

You feel strong-willed.
The orc priest hits you but does no damage.
Items here: ))) [ †††.
You closely miss the orc priest.
The orc priest hits you but does no damage.
You block the orc priest's attack.
You barely miss the orc priest.
The orc priest miscasts a cantrip.
You hit the orc priest.
The orc priest is moderately wounded.
The orc priest hits you but does no damage. x2
You barely miss the orc priest.
The orc priest is moderately wounded.
The orc priest hits you but does no damage.
The orc priest hits you with a +0 dagger.
You sock the orc priest!
The orc priest is almost dead.
You block the orc priest's attack.
You completely miss the orc priest.
The orc priest is almost dead.
You feel the effects of Trog's Hand fading.
The orc priest calls down the wrath of Beogh upon you.
Beogh smites you!
The orc priest hits you with a +0 dagger.
You barely miss the orc priest.
The orc priest is almost dead.
The orc priest calls down the wrath of Beogh upon you.
Beogh smites you!
Your shield and chain mail prevent you from hitting the orc priest.
The orc priest is almost dead.
The orc priest hits you but does no damage.
You block the orc priest's attack.
You hit the orc priest but do no damage.
The orc priest is severely wounded.
The orc priest mumbles some strange prayers to Beogh against you.
Beogh smites you!
* * * LOW HITPOINT WARNING * * *
The orc priest mumbles some strange prayers to Beogh against you.
Beogh smites you!
You die...

...r....# ### #o#
#<# #.# #.# #.#
####### #.# #.#
#.....# #.# #.#
#.##.## #.# #.#
#.##.# #.#
#.#######.##.# #.#
#.o@......##.# #.#
############.# #.#
#.#
#.###############.#
#.................#
#.#################
#.# #.# ###


You could see an orc priest.

Vanquished Creatures
  A steam dragon (D:4)
  2 ogres (D:4)
  An orc priest (D:1)
  2 iguanas (D:4)
  A hound skeleton (D:2)
  3 gnolls
  3 adders (D:3)
  An adder skeleton (D:4)
  3 worms
  A dart slug (D:4)
  15 orcs
  5 bats
  A bat zombie (D:2)
  7 endoplasms
  2 giant cockroaches
  5 goblins
  5 hobgoblins
  2 jackals (D:4)
  5 quokkas
  8 ball pythons
  2 ball python skeletons (D:2)
  A ball python zombie (D:2)
  9 kobolds
  A quokka skeleton (D:2)
  A quokka zombie (D:2)
  A rat (D:1)
88 creatures vanquished.

Vanquished Creatures (others)
  An orc (D:4)
1 creature vanquished.

Grand Total: 89 creatures vanquished

Notes
Turn   | Place    | Note
-------+----------+-------------------------------------------
     0 | D:1      | dtburroughs the Gargoyle Berserker began the quest for the
                  | Orb.
     0 | D:1      | Reached XP level 1. HP: 14/14 MP: 1/1
   186 | D:1      | Reached XP level 2. HP: 14/19 MP: 2/2
  1358 | D:1      | Reached XP level 3. HP: 21/24 MP: 3/3
  1583 | D:2      | Reached XP level 4. HP: 21/29 MP: 4/4
  2106 | D:2      | Reached ** piety under Trog
  2107 | D:2      | Reached skill level 4 in Fighting
  2783 | D:3      | Found a shimmering altar of Xom.
  2824 | D:3      | Reached XP level 5. HP: 22/33 MP: 5/5
  2827 | D:3      | Found a stormy altar of Qazlal.
  4003 | D:4      | Found a bloodstained altar of Trog.
  4218 | D:4      | Reached *** piety under Trog
  4427 | D:4      | Noticed an ogre
  4441 | D:4      | Killed an ogre
  4442 | D:4      | Reached XP level 6. HP: 24/39 MP: 6/6
  4566 | D:4      | Noticed a steam dragon
  4588 | D:4      | Killed a steam dragon
  4589 | D:4      | Reached skill level 1 in Axes
  4589 | D:4      | Reached skill level 1 in Shields
  4846 | D:4      | Reached skill level 5 in Fighting
  4846 | D:4      | Reached XP level 7. HP: 33/44 MP: 7/7
  5998 | D:5      | Entered Level 5 of the Dungeon
  6113 | D:5      | Killed from afar by an orc priest

Illustrated notes

Levels and vault maps discovered:
D:1:      amcnicky_arrival_flooded_fountain, layout_basic
D:2:      layout_basic, serial_undead, serial_undead_e, serial_undead_a,
          serial_undead_b, serial_undead_e, serial_undead_d, serial_undead_b
D:3:      layout_loops_corners, mainiacjoe_overflow_alcove_1, lemuel_tele_altar,
          chequers_hall_statues_corner_a, hex_medium
D:4:      layout_layer_cave, trog_book, minmay_misc_feat_secret_circle,
          minmay_increasing_density
D:5:      lemuel_ice_spiral_2, layout_basic

Skill      XL: |  1  2  3  4  5  6 |
---------------+-------------------+-----
Dodging        | 2 3 |  3.4
Armour         | 3 |  3.8
Fighting       | 4 5 |  5.1
Maces & Flails | 4 |  4.7
Axes           | 1 |  1.4
Shields        | 1 |  1.5

Action                   |  1- 3 |  4- 6 |  7- 9 || total
-------------------------+-------+-------+-------++-------
Melee: Mace              |    18 |       |       ||    18
       Flail             |    27 |   228 |    61 ||   316
Invok: Berserk           |     2 |     3 |       ||     5
       Trog's Hand       |       |     1 |     1 ||     2
Armor: Animal skin       |     1 |       |       ||     1
       Ring mail         |     7 |       |       ||     7
       Chain mail        |       |   172 |    29 ||   201
Dodge: Dodged            |    25 |   101 |     7 ||   133
Block: Tower shield      |       |    11 |    41 ||    52
